cohdb
Replays
Latest Replays
All Replays
Popular Replays
Top Player Replays
Match Explorer
How It Works
Community
CoH3 Stats
Reddit
Sign in to upload your games and track your stats! →
Sign in with Steam
Match 40899200
Unlisted
Match 40899200
Overview
Messages
Build Orders
End
Construct Section Command Post
Vickers Machine Gun Team
Infantry Section
Infantry Section
Construct Platoon Command Post
Humber Armored Car
Infantry Section
Infantry Section
Unlock Bishop Self-propelled Artillery
Bishop Self-propelled Artillery
6-pounder Anti-tank Gun Team
6-pounder Anti-tank Gun Team
Construct Company Command Post
CMP 15cwt Truck
Forward Retreat Point
Selects Heavy Armor Battlegroup
Selects Light Vehicle Withdraw and Refit
Selects Radio Net
Selects Recon Artillery
Recon Artillery
Selects Rigorous Vehicle Training
Selects Forward Repair Assembly
Selects UNKNOWN (2162094)
Churchill IV Heavy Tank
Infantry Training
Recon Artillery
Churchill IV Heavy Tank
Recon Artillery
Recon Artillery
Grimauldus
Quietus
RhysDevilx
Nuclear Viking
hasbuquavious
CHADTOWNE
0
0
Comments
sign in to comment!
No comments posted yet!